 Dungeon Crawl Stone Soup version 0.29.0-5-ge4962eb29e (webtiles) character file.

Game seed: 8402115197986048010

104 LustLizard the Magician (level 4, -10/34 HPs)
             Began as a Gnoll Wanderer on Aug 30, 2022.
             Was a Follower of Ru.
             Mangled by an ice beast (12 damage)
             ... on level 4 of the Dungeon.
             The game lasted 00:07:50 (3486 turns).

LustLizard the Magician (Gnoll Wanderer)            Turns: 3486, Time: 00:07:51

Health: -10/34     AC: 13    Str: 10    XL:     4   Next: 80%
Magic:  11/11      EV:  5    Int: 15    God:    Ru [*.....]
Gold:   234        SH:  0    Dex: 11    Spells: 9/13 levels left

rFire   . . .      SeeInvis .   k - +0 sling
rCold   . . .      Faith    .   (no shield)
rNeg    . . .      Spirit   .   l - +0 chain mail
rPois   .          Reflect  .   (no helmet)
rElec   .          Harm     .   (no cloak)
rCorr   .          Rampage  .   (no gloves)
Will    .....                   (no boots)
Stlth   ..........              o - amulet of regeneration
HPRegen 0.91/turn               j - ring of wizardry
MPRegen 0.12/turn               v - +4 ring of protection

@: no status effects
A: fangs 1, no conjurations magic, no poison magic, no transmutations magic,
strong nose, distributed training
a: Renounce Religion


You were on level 4 of the Dungeon.
You worshipped Ru.
Ru was aware of your devotion.
You visited 2 branches of the dungeon, and saw 5 of its levels.

You collected 234 gold pieces.

Inventory:

Hand Weapons
 a - a +0 quarterstaff
 k - a +0 sling (weapon)
Missiles
 q - 5 curare-tipped darts
Armour
 b - a +0 ring mail
 l - a +0 chain mail (worn)
Jewellery
 j - a ring of wizardry (left hand)
 n - a ring of wizardry
 o - an amulet of regeneration (around neck)
 v - a +4 ring of protection (right hand)
 y - a ring of protection from cold
Scrolls
 c - a scroll of summoning
 d - a scroll of vulnerability
 e - a scroll of immolation {unknown}
 g - 5 scrolls of teleportation
 h - 2 scrolls of poison
 i - a scroll of butterflies
 m - 2 scrolls of magic mapping
 s - a scroll of blinking {unknown}
 u - 2 scrolls of amnesia {unknown}
Potions
 f - 2 potions of resistance
 p - a potion of brilliance
 r - a potion of might
 t - a potion of degeneration {unknown}
 w - a potion of flight {unknown}
 x - 2 potions of cancellation
 z - 2 potions of curing {unknown}
 A - a potion of berserk rage {unknown}
 B - a potion of attraction {unknown}


   Skills:
 + Level 2.8 Fighting
 + Level 1.3 Short Blades
 + Level 1.3 Long Blades
 + Level 1.3 Axes
 + Level 1.3 Maces & Flails
 + Level 1.3 Polearms
 + Level 2.8 Staves
 + Level 1.3 Ranged Weapons
 + Level 1.3 Throwing
 + Level 2.8 Armour
 + Level 2.8 Dodging
 + Level 2.6 Stealth
 + Level 1.3 Shields
 + Level 1.3 Unarmed Combat
 + Level 5.1 Spellcasting
   Level 0.0 Conjurations
 + Level 1.0 Hexes
 + Level 1.0 Summonings
 + Level 1.0 Necromancy
 + Level 3.9 Translocations
   Level 0.0 Transmutations
 + Level 1.0 Fire Magic
 + Level 1.0 Ice Magic
 + Level 1.0 Air Magic
 + Level 1.0 Earth Magic
   Level 0.0 Poison Magic
 + Level 1.4 Invocations
 + Level 2.8 Evocations


You had 9 spell levels left.
You knew the following spells:

 Your Spells              Type           Power      Damage    Failure   Level
a - Apportation           Tloc           30%        N/A       61%         1
b - Ozocubu's Armour      Ice            7%         N/A       100%        3

Your spell library contained the following spells:

 Spells                   Type           Power      Damage    Failure   Level
 Lesser Beckoning         Tloc           15%        N/A       92%         3
 Sandblast                Erth           14%        2d6       93%         1
 Passage of Golubria      Tloc           15%        N/A       100%        4
 Ozocubu's Refrigeration  Ice            3%         4d8       100%        7
 Passwall                 Tmut/Erth      Unusable   N/A       N/A         2
 Stone Arrow              Conj/Erth      Unusable   3d7       N/A         3

Dungeon Overview and Level Annotations

Branches:
Dungeon (4/15)             Temple (1/1) D:4

Altars:
Ashenzari
Cheibriados
Fedhas
Gozag
Nemelex Xobeh
Okawaru
Qazlal
Ru
Trog
Vehumet
Yredelemnul
Zin
The Shining One


Innate Abilities, Weirdness & Mutations

You have very sharp teeth.
You cannot study or cast Conjurations magic.
You cannot study or cast Poison magic.
You cannot study or cast Transmutations magic.
Your uncanny sense of smell can sniff out nearby items.
Your experience applies equally to all skills.


Message History

Fire: k) +0 sling
Press: ? - help, Q - select action, (/) - cycle Shift-Dir - straight line, f/p - ice beast
Aim: an ice beast (severely wounded, 52% to hit)
You shoot a sling bullet.
The sling bullet hits the ice beast but does no damage.
The ice beast is severely wounded.
The ice beast hits you but does no damage. x2
Fire: k) +0 sling
Press: ? - help, Q - select action, (/) - cycle Shift-Dir - straight line, f/p - ice beast
Aim: an ice beast (severely wounded, 52% to hit)
You shoot a sling bullet. The sling bullet hits the ice beast.
The ice beast is almost dead.
The ice beast hits you but does no damage. x2
Fire: k) +0 sling
Press: ? - help, Q - select action, (/) - cycle Shift-Dir - straight line, f/p - ice beast
Aim: an ice beast (almost dead, 52% to hit)
You shoot a sling bullet.
The sling bullet barely misses the ice beast.
The ice beast hits you. The ice beast freezes you.
* * * LOW HITPOINT WARNING * * *
The ice beast hits you but does no damage.
Fire: k) +0 sling
Press: ? - help, Q - select action, (/) - cycle Shift-Dir - straight line, f/p - ice beast
Aim: an ice beast (almost dead, 52% to hit)
You shoot a sling bullet.
The sling bullet barely misses the ice beast.
The ice beast hits you but does no damage.
The ice beast hits you.
* * * LOW HITPOINT WARNING * * *
The ice beast freezes you.
* * * LOW HITPOINT WARNING * * *
Fire: k) +0 sling
Press: ? - help, Q - select action, (/) - cycle Shift-Dir - straight line, f/p - ice beast
Aim: an ice beast (almost dead, 52% to hit)
You shoot a sling bullet.
The sling bullet barely misses the ice beast.
The ice beast hits you.
* * * LOW HITPOINT WARNING * * *
The ice beast freezes you!
You die...

#.......# #......##.##.#
####.#### #######.##.......#
#.######.....#.#####.####**
#.....##.###.........## *,
#####....#.....######.## *,
####...>.### ##.#.###. #######
#.....# ###.###.... ......#
###Y### #....#.###. #####.# ##@##
#.#*#..# *, ####.#### #...#
#.###..# *, ##.......### #...#
#.##...# ** ##.#....†..# #...#
#.##.#.###
##.#.†#..#.####...#####........#
##.#.###.#............#....b...##
.#..## ##........................
.....###.#............#........##
......#....####...#####........#


You could see an ice beast.

Vanquished Creatures
  3 adders
  2 worms
  A dart slug (D:1)
  2 orcs
  10 ball pythons
  5 bats
  8 endoplasms
  A giant cockroach (D:1)
  9 goblins
  6 hobgoblins
  2 jackals (D:4)
  A quokka (D:1)
  A frilled lizard (D:2)
  4 kobolds
  5 rats
60 creatures vanquished.

Notes
Turn   | Place    | Note
-------+----------+-------------------------------------------
     0 | D:1      | LustLizard the Gnoll Wanderer began the quest for the Orb.
     0 | D:1      | LustLizard set off with the following items: a +0
                  | quarterstaff, a +0 ring mail, a scroll of summoning; and
                  | the following spell memorised: Apportation; and the
                  | following spells available to memorise: Lesser Beckoning,
                  | Passage of Golubria.
     0 | D:1      | Reached XP level 1. HP: 17/17 MP: 6/6
    52 | D:1      | Reached XP level 2. HP: 6/23 MP: 7/7
   855 | D:1      | Found a faded altar of an unknown god.
   869 | D:1      | Prayed at the altar of an unknown god.
   869 | D:1      | Became a worshipper of Ru the Awakened
   883 | D:1      | Reached skill level 5 in Spellcasting
   883 | D:1      | Reached XP level 3. HP: 22/28 MP: 7/9
  1622 | D:2      | Reached skill level 1 in Invocations
  1657 | D:2      | Reached skill level 1 in Short Blades
  1657 | D:2      | Reached skill level 1 in Long Blades
  1657 | D:2      | Reached skill level 1 in Axes
  1657 | D:2      | Reached skill level 1 in Maces & Flails
  1657 | D:2      | Reached skill level 1 in Polearms
  1657 | D:2      | Reached skill level 1 in Ranged Weapons
  1657 | D:2      | Reached skill level 1 in Throwing
  1657 | D:2      | Reached skill level 1 in Shields
  1657 | D:2      | Reached skill level 1 in Unarmed Combat
  1885 | D:2      | Reached XP level 4. HP: 26/34 MP: 11/11
  2628 | D:3      | Found a basalt altar of Yredelemnul.
  2702 | D:3      | Reached skill level 1 in Conjurations
  2702 | D:3      | Reached skill level 1 in Hexes
  2702 | D:3      | Reached skill level 1 in Summonings
  2702 | D:3      | Reached skill level 1 in Necromancy
  2702 | D:3      | Reached skill level 1 in Transmutations
  2702 | D:3      | Reached skill level 1 in Fire Magic
  2702 | D:3      | Reached skill level 1 in Ice Magic
  2702 | D:3      | Reached skill level 1 in Air Magic
  2702 | D:3      | Reached skill level 1 in Earth Magic
  2702 | D:3      | Reached skill level 1 in Poison Magic
  2717 | D:3      | Found a bloodstained altar of Trog.
  2741 | D:3      | Gained mutation: You cannot study or cast Poison magic. [Ru
                  | sacrifice]
  2741 | D:3      | Gained mutation: You cannot study or cast Transmutations
                  | magic. [Ru sacrifice]
  2741 | D:3      | Gained mutation: You cannot study or cast Conjurations
                  | magic. [Ru sacrifice]
  2741 | D:3      | Reached * piety under Ru
  3132 | D:4      | Learned a level 3 spell: Ozocubu's Armour
  3259 | D:4      | Found a staircase to the Ecumenical Temple.
  3458 | D:4      | Noticed an ice beast
  3466 | Temple   | Entered the Ecumenical Temple
  3486 | D:4      | Mangled by an ice beast

Illustrated notes

Levels and vault maps discovered:
D:1:      dpeg_arrival_round_c, layout_loops_ring,
          hellmonk_ecumenical_altar_crossroads, hangedman_decor_clover_reticule
D:2:      layout_rooms
D:3:      layout_basic, mainiacjoe_overflow_tiny_flanked,
          lemuel_coloured_pillars_altar
D:4:      layout_loops_cross, minmay_temple_entry_butterflies,
          uniq_blork_the_orc
Temple:   dpeg_three_leaves_temple

Skill      XL: |  1  2  3  4 |
---------------+-------------+-----
Spellcasting   | 5 |  5.1
Invocations    | 1 |  1.4
Short Blades   | 1 |  1.3
Long Blades    | 1 |  1.3
Axes           | 1 |  1.3
Maces & Flails | 1 |  1.3
Polearms       | 1 |  1.3
Ranged Weapons | 1 |  1.3
Throwing       | 1 |  1.3
Shields        | 1 |  1.3
Unarmed Combat | 1 |  1.3
Conjurations   | 0 |  0.0
Hexes          | 1 |  1.0
Summonings     | 1 |  1.0
Necromancy     | 1 |  1.0
Transmutations | 0 |  0.0
Fire Magic     | 1 |  1.0
Ice Magic      | 1 |  1.0
Air Magic      | 1 |  1.0
Earth Magic    | 1 |  1.0
Poison Magic   | 0 |  0.0
Fighting       | |  2.8
Staves         | |  2.8
Armour         | |  2.8
Dodging        | |  2.8
Stealth        | |  2.6
Translocations | |  3.9
Evocations     | |  2.8

Action                   |  1- 3 |  4- 6 || total
-------------------------+-------+-------++-------
Melee: Quarterstaff      |    97 |       ||    97
       Bite              |     5 |       ||     5
 Fire: Sling             |       |   141 ||   141
Invok: Sacrifice Arcana  |       |     1 ||     1
  Use: Scroll            |       |     9 ||     9
 Stab: Sleeping          |     2 |       ||     2
Armor: Ring mail         |    48 |       ||    48
       Chain mail        |       |    68 ||    68
Dodge: Dodged            |    49 |    16 ||    65
